MLB
LOS ANGELES ANGELS @ CHICAGO WHITE SOX
03/13/2099
 
TOP OF THE 1ST
Los Angeles Angels batting - Pitching for Chicago White Sox : RHP Keith Dragisic
Pitching: RHP Keith Dragisic
Batting: LHB Justin Manns 0-0: SINGLE (Groundball, 56D, EV 98.8 MPH)
Batting: LHB Trevor Martz 0-0: Called Strike
0-1: Called Strike
0-2: Ball
1-2: Fly out, F7 (Flyball, 7LS, EV 93.1 MPH)
Batting: RHB Fethi Yazîcîzâde 0-0: Ball
1-0: Called Strike
1-1: Foul Ball, location: 2F
1-2: Foul Ball, location: 2F
1-2: Grounds into double play, 6-4-3 (Groundball, 6S, EV 86.3 MPH)
Top of the 1st over - 0 runs, 1 hit, 0 errors, 0 left on base; Los Angeles 0 - Chicago 0
BOTTOM OF THE 1ST
Chicago White Sox batting - Pitching for Los Angeles Angels : LHP Jay Meltzer
Pitching: LHP Jay Meltzer
Batting: RHB Brian Jones 0-0: Ball
1-0: Ball
2-0: Ball
3-0: Called Strike
3-1: Called Strike
3-2: Foul Ball, location: 2F
3-2: Fly out, F7 (Flyball, 7, EV 79.4 MPH)
Batting: RHB John Kofoid 0-0: Foul Ball, location: 2F
0-1: Ball
1-1: Ground out 4-3 (Groundball, 4, EV 85.0 MPH)
Batting: LHB Dan Roos 0-0: Called Strike
0-1: Fly out, F8 (Flyball, 8LD, EV 109.4 MPH)
Bottom of the 1st over - 0 runs, 0 hits, 0 errors, 0 left on base; Los Angeles 0 - Chicago 0
TOP OF THE 2ND
Los Angeles Angels batting - Pitching for Chicago White Sox : RHP Keith Dragisic
Batting: LHB Matt Evans 0-0: Ball
1-0: Ball
2-0: Ball
3-0: Called Strike
3-1: Base on Balls
Batting: RHB Edgar Pirir 0-0: Ball
1-0: Called Strike
1-1: Grounds into double play, 3-6-3 (Groundball, 3, EV 103.8 MPH)
Batting: RHB Matthew Allen 0-0: Called Strike
0-1: Ball
1-1: Foul Ball, location: 2F
1-2: Foul Ball, location: 9LDF
1-2: Ground out 6-3 (Groundball, 6S, EV 91.9 MPH)
Top of the 2nd over - 0 runs, 0 hits, 0 errors, 0 left on base; Los Angeles 0 - Chicago 0
BOTTOM OF THE 2ND
Chicago White Sox batting - Pitching for Los Angeles Angels : LHP Jay Meltzer
Batting: LHB Josh Densmore 0-0: SINGLE (Line Drive, 6D, EV 98.8 MPH)
Batting: RHB Joey Aimone 0-0: Called Strike
0-1: Ball
1-1: Foul Ball, location: 3DF
1-2: Foul Ball, location: 3F
1-2: DOUBLE (Groundball, 5L, EV 103.1 MPH)
Josh Densmore to third
Batting: LHB Billy Stanley 0-0: Called Strike
0-1: SINGLE (Line Drive, 6MD, EV 95.0 MPH)
Josh Densmore scores
Joey Aimone to third
Runner from 3rd tries for Home, throw by CF and OUT! 8-2
Batting: SHB Milt Gomez 0-0: Grounds into double play, 3-6-1 (Groundball, 3, EV 99.4 MPH)
Bottom of the 2nd over - 1 run, 3 hits, 0 errors, 0 left on base; Los Angeles 0 - Chicago 1
TOP OF THE 3RD
Los Angeles Angels batting - Pitching for Chicago White Sox : RHP Keith Dragisic
Batting: SHB Justin Williams 0-0: Ground out U3 (Groundball, 34, EV 86.3 MPH)
Batting: RHB David Whitehead 0-0: Called Strike
0-1: Foul Ball, location: 5FF
0-2: Ball
1-2: Ball
2-2: Foul Ball, location: 2F
2-2: Strikes out looking
Batting: RHB Juan Cruz 0-0: Called Strike
0-1: Swinging Strike
0-2: Ball
1-2: Foul Ball, location: 9LDF
1-2: Foul Ball, location: 2F
1-2: Ball
2-2: Ball
3-2: Base on Balls
Batting: LHB Justin Manns 0-0: SINGLE (Line Drive, 6M, EV 93.8 MPH)
Juan Cruz to second
Runner from 2nd tries for 3rd, SAFE, no throw by CF
Batting: LHB Trevor Martz 0-0: Ball
1-0: Swinging Strike
1-1: Foul Ball, location: 7LSF
1-2: Strikes out swinging
Top of the 3rd over - 0 runs, 1 hit, 0 errors, 2 left on base; Los Angeles 0 - Chicago 1
BOTTOM OF THE 3RD
Chicago White Sox batting - Pitching for Los Angeles Angels : LHP Jay Meltzer
Batting: RHB Vinny Figueroa 0-0: Swinging Strike
0-1: Swinging Strike
0-2: Foul Ball, location: 2F
0-2: Ball
1-2: Ball
2-2: Foul Ball, location: 25FF
2-2: Ground out 5-3 (Groundball, 56S, EV 61.9 MPH)
Batting: RHB Marshall Hughes 0-0: Ball
1-0: Called Strike
1-1: Called Strike
1-2: Foul Ball, location: 23F
1-2: Ball
2-2: Foul Ball, location: 23FF
2-2: Strikes out swinging
Batting: RHB Brian Jones 0-0: Ball
1-0: TRIPLE (Line Drive, 89XD, EV 103.8 MPH)
Batting: RHB John Kofoid 0-0: Ball
1-0: Fly out, F7 (Flyball, 7LS, EV 88.1 MPH)
Bottom of the 3rd over - 0 runs, 1 hit, 0 errors, 1 left on base; Los Angeles 0 - Chicago 1
TOP OF THE 4TH
Los Angeles Angels batting - Pitching for Chicago White Sox : RHP Keith Dragisic
Batting: RHB Fethi Yazîcîzâde 0-0: Ball
1-0: Called Strike
1-1: Fly out, F4 (Popup, 4, EV 81.3 MPH)
Batting: LHB Matt Evans 0-0: Swinging Strike
0-1: Swinging Strike
0-2: Foul Ball, location: 7LSF
0-2: Strikes out swinging
Batting: RHB Edgar Pirir 0-0: Ball
1-0: Ball
2-0: SOLO HOME RUN (Line Drive, 8RXD, EV 113.1 MPH), Distance : 462 ft
Batting: RHB Matthew Allen 0-0: Ground out 6-3 (Groundball, 6MS, EV 81.3 MPH)
Top of the 4th over - 1 run, 1 hit, 0 errors, 0 left on base; Los Angeles 1 - Chicago 1
BOTTOM OF THE 4TH
Chicago White Sox batting - Pitching for Los Angeles Angels : LHP Jay Meltzer
Batting: LHB Dan Roos 0-0: Ball
1-0: Foul Ball, location: 7LSF
1-1: Foul Ball, location: 7LSF
1-2: Strikes out swinging
Batting: LHB Josh Densmore 0-0: Foul Ball, location: 23F
0-1: Ball
1-1: Swinging Strike
1-2: SINGLE (Groundball, 34D, EV 101.9 MPH)
Batting: RHB Joey Aimone 0-0: Foul Ball, location: 3FF
0-1: Foul Ball, location: 2F
0-2: Ball
1-2: Ball
2-2: Foul Ball, location: 9LMF
2-2: SINGLE (Line Drive, 8RS, EV 102.5 MPH)
Josh Densmore to second
Batting: LHB Billy Stanley 0-0: Ball
1-0: Ball
2-0: Fielders Choice at 2nd, 3-6 (Groundball, 3, EV 81.9 MPH)
Josh Densmore to third
Batting: SHB Milt Gomez 0-0: Fielders Choice at 2nd, 5-4 (Groundball, 5, EV 83.8 MPH)
Bottom of the 4th over - 0 runs, 2 hits, 0 errors, 2 left on base; Los Angeles 1 - Chicago 1
TOP OF THE 5TH
Los Angeles Angels batting - Pitching for Chicago White Sox : RHP Keith Dragisic
Pitching: LHP Brian Alvarez
Now at 2B: Chris Hodges
Now at 3B: Won-ho Nham
Now in LF: Frank Mumm
Pinch Hitting: RHB Nick Kirks 0-0: Called Strike
0-1: Ball
1-1: SINGLE (Groundball, 4MD, EV 100.0 MPH)
Batting: RHB David Whitehead 0-0: Ball
1-0: Ball
2-0: Ball
3-0: Called Strike
3-1: Called Strike
3-2: Strikes out swinging
Batting: RHB Juan Cruz 0-0: Ball
1-0: Called Strike
1-1: Called Strike
1-2: Foul Ball, location: 2F
1-2: Strikes out looking
Pinch Hitting: LHB Ramon Bermudez 0-0: Called Strike
0-1: Ball
1-1: Foul Ball, location: 2F
1-2: SINGLE (Groundball, 34, EV 103.8 MPH) (infield hit)
Nick Kirks to second
Batting: LHB Trevor Martz 0-0: Foul Ball, location: 3F
0-1: Swinging Strike
0-2: Ball
1-2: Fly out, F6 (Popup, 6, EV 61.9 MPH)
Top of the 5th over - 0 runs, 2 hits, 0 errors, 2 left on base; Los Angeles 1 - Chicago 1
BOTTOM OF THE 5TH
Chicago White Sox batting - Pitching for Los Angeles Angels : LHP Jay Meltzer
Pitching: LHP Mike Fife
Now at 1B: Jimmy Powell
Now at 3B: Ross Chambers
Now at SS: Nicolas Montecino
Now in LF: Ricky Sisneros
Now in CF: Tim Zirkle
Now in RF: Matthew Allen
Batting: RHB Vinny Figueroa 0-0: Foul Ball, location: 9LMF
0-1: Foul Ball, location: 5FF
0-2: Foul Ball, location: 5FF
0-2: Ball
1-2: Ball
2-2: Ball
3-2: Strikes out swinging
Batting: RHB Marshall Hughes 0-0: Ball
1-0: Foul Ball, location: 9LSF
1-1: Swinging Strike
1-2: Strikes out swinging
Batting: LHB Frank Mumm 0-0: Ball
1-0: Ground out 4-3 (Groundball, 4M, EV 88.1 MPH)
Bottom of the 5th over - 0 runs, 0 hits, 0 errors, 0 left on base; Los Angeles 1 - Chicago 1
TOP OF THE 6TH
Los Angeles Angels batting - Pitching for Chicago White Sox : LHP Brian Alvarez
Now at C: Mark Clardy
Now in CF: Kevin Howard
Now in RF: Tyler Fauver
Batting: RHB Fethi Yazîcîzâde 0-0: Called Strike
0-1: Foul Ball, location: 5F
0-2: Strikes out swinging
Batting: RHB Jimmy Powell 0-0: Foul Ball, location: 3F
0-1: Fly out, F8 (Flyball, 8RM, EV 88.1 MPH)
Batting: SHB Guy Epperson 0-0: Ball
1-0: Ball
2-0: Foul Ball, location: 9LSF
2-1: Ball
3-1: Foul Ball, location: 9LDF
3-2: Ground out 6-3 (Groundball, 6, EV 84.4 MPH)
Top of the 6th over - 0 runs, 0 hits, 0 errors, 0 left on base; Los Angeles 1 - Chicago 1
BOTTOM OF THE 6TH
Chicago White Sox batting - Pitching for Los Angeles Angels : LHP Mike Fife
Pitching: RHP Manuel Barrientes
Batting: RHB Butch Arnett 0-0: Ball
1-0: Ball
2-0: Foul Ball, location: 9LDF
2-1: SINGLE (Line Drive, 9S, EV 97.5 MPH)
Pinch Hitting: LHB D.J. Horrigan 0-0: Called Strike
0-1: Foul Ball, location: 2F
0-2: DOUBLE (Line Drive, 89XD, EV 101.9 MPH)
Butch Arnett to third
Pinch Hitting: LHB Elias Mato 0-0: Swinging Strike
0-1: Foul Ball, location: 2F
0-2: Ball
1-2: Ball
2-2: Foul Ball, location: 7LDF
2-2: Ball
3-2: Foul Ball, location: 9LSF
3-2: Foul Ball, location: 2F
3-2: Foul Ball, location: 5DF
3-2: Strikes out swinging
Batting: RHB Won-ho Nham 0-0: Ball
1-0: Called Strike
1-1: Foul Ball, location: 2F
1-2: Foul Ball, location: 2F
1-2: Foul Ball, location: 2F
1-2: Foul Ball, location: 9LMF
1-2: Foul Ball, location: 3F
1-2: Foul Ball, location: 23F
1-2: Ball
2-2: Foul Ball, location: 9LSF
2-2: Ball
3-2: Fly out, F7 (Flyball, 7D, EV 83.8 MPH)
Runner from 3rd tags up, OUT at HOME! 7-2
Bottom of the 6th over - 0 runs, 2 hits, 0 errors, 1 left on base; Los Angeles 1 - Chicago 1
TOP OF THE 7TH
Los Angeles Angels batting - Pitching for Chicago White Sox : LHP Brian Alvarez
Pitching: RHP Matthew Emerson
Now at 1B: D.J. Horrigan
Now at 2B: Jose Delgado
Pinch Hitting: LHB Jim Matthews 0-0: Swinging Strike
0-1: Called Strike
0-2: Ground out 4-3 (Groundball, 4M, EV 77.5 MPH)
Batting: SHB Ross Chambers 0-0: Ball
1-0: Ball
2-0: Foul Ball, location: 2F
2-1: Swinging Strike
2-2: Strikes out swinging
Batting: LHB Ricky Sisneros 0-0: Called Strike
0-1: Ball
1-1: Called Strike
1-2: Foul Ball, location: 7LMF
1-2: Strikes out swinging
Top of the 7th over - 0 runs, 0 hits, 0 errors, 0 left on base; Los Angeles 1 - Chicago 1
BOTTOM OF THE 7TH
Chicago White Sox batting - Pitching for Los Angeles Angels : RHP Manuel Barrientes
Pitching: RHP Casey Collins
Now in LF: Roger Adkins
Now in RF: Ricky Sisneros
Batting: LHB Tyler Fauver 0-0: Ball
1-0: Fly out, F5 (Popup, 56S, EV 72.5 MPH)
Batting: LHB Kevin Howard 0-0: Ball
1-0: Ball
2-0: Ball
3-0: Called Strike
3-1: Fly out, F7 (Flyball, 78D, EV 102.5 MPH)
Pinch Hitting: RHB Joe Schoeffler 0-0: Swinging Strike
0-1: Ball
1-1: Ball
2-1: Foul Ball, location: 2F
2-2: Strikes out swinging
Bottom of the 7th over - 0 runs, 0 hits, 0 errors, 0 left on base; Los Angeles 1 - Chicago 1
TOP OF THE 8TH
Los Angeles Angels batting - Pitching for Chicago White Sox : RHP Matthew Emerson
Pitching: RHP Danny Guada
Now at SS: Joe Schoeffler
Batting: RHB Juan Cruz 0-0: Fly out, F7 (Line Drive, 7S, EV 92.5 MPH)
Batting: RHB Tim Zirkle 0-0: Called Strike
0-1: Ball
1-1: Swinging Strike
1-2: Foul Ball, location: 2F
1-2: Strikes out swinging
Batting: RHB Nicolas Montecino 0-0: Ball
1-0: Ball
2-0: Foul Ball, location: 9LMF
2-1: Fly out, F8 (Flyball, 89M, EV 90.6 MPH)
Top of the 8th over - 0 runs, 0 hits, 0 errors, 0 left on base; Los Angeles 1 - Chicago 1
BOTTOM OF THE 8TH
Chicago White Sox batting - Pitching for Los Angeles Angels : RHP Casey Collins
Pitching: LHP David Soriano
Batting: RHB Mark Clardy 0-0: Ground out 4-3 (Groundball, 4, EV 102.5 MPH)
Pinch Hitting: RHB Nate Jennings 0-0: Ball
1-0: Ball
2-0: Called Strike
2-1: Ground out 4-3 (Groundball, 4, EV 98.8 MPH)
Batting: RHB Butch Arnett 0-0: Ball
1-0: Called Strike
1-1: Ball
2-1: Ball
3-1: Foul Ball, location: 3DF
3-2: Fly out, F4 (Popup, 4M, EV 71.9 MPH)
Bottom of the 8th over - 0 runs, 0 hits, 0 errors, 0 left on base; Los Angeles 1 - Chicago 1
TOP OF THE 9TH
Los Angeles Angels batting - Pitching for Chicago White Sox : RHP Danny Guada
Pitching: LHP Victor Molina
Now in LF: Tim Eaton
Pinch Hitting: LHB Matt Davis 0-0: Called Strike
0-1: Ball
1-1: DOUBLE (Line Drive, 7LS, EV 110.6 MPH)
Batting: RHB Jimmy Powell 0-0: Ball
1-0: 2-RUN HOME RUN (Flyball, 7D, EV 112.5 MPH), Distance : 443 ft
Batting: RHB Tim Williams 0-0: Called Strike
0-1: Called Strike
0-2: Strikes out swinging
Batting: LHB Roger Adkins 0-0: Called Strike
0-1: Ball
1-1: Swinging Strike
1-2: Strikes out swinging
Batting: SHB Ross Chambers 0-0: Fly out, F7 (Line Drive, 7S, EV 99.4 MPH)
Top of the 9th over - 2 runs, 2 hits, 0 errors, 0 left on base; Los Angeles 3 - Chicago 1
BOTTOM OF THE 9TH
Chicago White Sox batting - Pitching for Los Angeles Angels : LHP David Soriano
Pitching: RHP Todd Bristcoe
Now at C: Matt Davis
Batting: LHB D.J. Horrigan 0-0: Ball
1-0: Fly out, F8 (Line Drive, 8RD, EV 85.6 MPH)
Pinch Hitting: LHB Marcos Elizondo 0-0: Called Strike
0-1: Ball
1-1: Foul Ball, location: 2F
1-2: Fly out, F7 (Flyball, 7, EV 83.1 MPH)
Pinch Hitting: SHB Ben Reiners 0-0: Called Strike
0-1: Ball
1-1: Ball
2-1: Ground out 5-3 (Groundball, 56, EV 98.8 MPH)
Bottom of the 9th over - 0 runs, 0 hits, 0 errors, 0 left on base; Los Angeles 3 - Chicago 1
Monday, April 29th , 2024 - OOTP Baseball 24.11 Build 85